 Dungeon Crawl Stone Soup version 0.31-a0-1469-gd420192249 (webtiles) character file.

Game seed: 2004777430400809666

74 silenth the Trooper (level 4, -5/48 HPs)
             Began as an Oni Warper on Dec 28, 2023.
             Slain by an iguana (6 damage)
             ... on level 2 of the Dungeon.
             The game lasted 00:03:50 (1632 turns).

silenth the Trooper (Oni Warper)                    Turns: 1632, Time: 00:03:51

Health: -5/48      AC:  3    Str: 17    XL:     4   Next: 30%
Magic:  7/7        EV:  9    Int: 14    God:
Gold:   142        SH:  0    Dex:  8    Spells: 3/7 levels left

rFire   . . .        o - +0 flail
rCold   . . .        (no shield)
rNeg    . . .        b - +0 robe
rPois   .            (helmet restricted)
rElec   .            (no cloak)
rCorr   .            (gloves unavailable)
SInv    .            (boots unavailable)
Will    .....        (no amulet)
Stlth   +            (no ring)
HPRegen 0.28/turn    (no ring)
MPRegen 0.10/turn

%: no passive effects
@: no status effects
A: large, unfitting armour, horns 1, tough skin 1, double potion healing,
drunken brawling
a: no special abilities


You were on level 2 of the Dungeon.
You visited 1 branch of the dungeon, and saw 3 of its levels.

You collected 142 gold pieces.

Inventory:

Hand Weapons
 a - a +0 mace
 o - a +0 flail (weapon)
Missiles
 d - 7 darts of dispersal (quivered)
 f - 9 poisoned darts
Armour
 b - a +0 robe (worn)
Jewellery
 n - a ring of positive energy
Scrolls
 c - a scroll of blinking
 g - 2 scrolls of identify {unknown}
 i - a scroll of torment {unknown}
 k - a scroll of fog {unknown}
 l - a scroll of vulnerability {unknown}
 m - a scroll of enchant armour {unknown}
 p - a scroll of enchant weapon {unknown}
 q - a scroll of brand weapon {unknown}
Potions
 e - a potion of lignification {unknown}
 h - a potion of curing
 j - 2 potions of haste {unknown}
 r - a potion of mutation {unknown}


   Skills:
 + Level 4.1 Fighting
 * Level 3.7 Maces & Flails
 - Level 1.0 Throwing
 - Level 2.1 Dodging
 - Level 2.4 Spellcasting
 - Level 2.6 Translocations


You had 3 spell levels left.
You knew the following spells:

 Your Spells              Type           Power      Damage    Failure   Level
a - Blink                 Tloc           18%        N/A       12%         2
b - Lesser Beckoning      Tloc           18%        N/A       12%         2

Your spell library contained the following spells:

 Spells                   Type           Power      Damage    Failure   Level
 Teleport Other           Tloc           9%         N/A       22%         3
 Manifold Assault         Tloc           9%         N/A       58%         4
 Vhi's Electric Charge    Tloc/Air       10%        N/A       78%         4


Dungeon Overview and Level Annotations

Branches:
Dungeon (3/15)

Altars:


Innate Abilities, Weirdness & Mutations

You are too large for most types of armour.
You have a pair of small horns on your head.
You have tough skin. (AC +1)
You gain doubled healing and magic from potions.
Whenever you drink a healing potion, you attack all around you.


Message History

You are too injured to fight recklessly!
You are too injured to fight recklessly!
You miss the adder. The adder bites you.
You are poisoned.
The adder poisons you! The adder barely misses you.
You barely miss the adder.
You feel sick. The adder barely misses you.
You miss the adder.
You feel sick. The adder bites you. x2
You hit the adder but do no damage. Your headbutt misses the adder.
You feel sick. The adder bites you.
You closely miss the adder.
You feel sick.
You are no longer poisoned.
The adder barely misses you. The adder bites you but does no damage.
You barely miss the adder. You headbutt the adder.
The adder is moderately wounded.
The adder bites you.
* * * LOW HITPOINT WARNING * * *
You take a swig of the potion and twirl your +0 flail.
You hit the adder but do no damage.
The adder is moderately wounded.
It was a potion of curing.
You savour every drop.
You feel better. The adder closely misses you. The adder bites you.
You are poisoned.
The adder poisons you!
You thump the adder!
You kill the adder!
You feel sick.
You closely miss the iguana.
You feel sick. The iguana bites you!
You sock the iguana! Your headbutt misses the iguana.
The iguana is severely wounded.
You feel sick. The iguana bites you!
* * * LOW HITPOINT WARNING * * *
You hit the iguana but do no damage.
You headbutt the iguana, but do no damage.
The iguana is severely wounded.
You feel sick.
You are no longer poisoned.
The iguana bites you!
* * * LOW HITPOINT WARNING * * *
The iguana bites you.
You die...

...........#.....<...............
...#.......#.....................
......)[##......>..........[.....
##......##.#.#..............>....
##........>#.#.#o...#............
##.............#รท.S.#............
##............##....#............
##.<..........####...............
##..............@lo##########....
##......#.......#### #####
##......#.......#
#########.......# #.......#
#.......# #########


You could see an iguana and an orc.

Vanquished Creatures
  3 adders (D:2)
  A worm (D:2)
  A dart slug (D:2)
  3 orcs
  2 endoplasms (D:2)
  2 goblins
  3 hobgoblins
  7 jackals
  A quokka (D:2)
  3 ball pythons
  2 bats
  A frilled lizard (D:2)
  6 kobolds
  3 rats
38 creatures vanquished.

Notes
Turn   | Place    | Note
-------+----------+-------------------------------------------
     0 | D:1      | silenth the Oni Warper began the quest for the Orb.
     0 | D:1      | Reached XP level 1. HP: 22/22 MP: 3/3
    77 | D:1      | Reached skill level 3 in Fighting
   204 | D:1      | Reached XP level 2. HP: 30/31 MP: 5/5
  1014 | D:2      | Reached skill level 3 in Maces & Flails
  1014 | D:2      | Reached XP level 3. HP: 34/37 MP: 6/6
  1097 | D:2      | Learned a level 2 spell: Blink
  1100 | D:2      | Learned a level 2 spell: Lesser Beckoning
  1467 | D:2      | Reached XP level 4. HP: 48/48 MP: 7/7
  1620 | D:2      | Reached skill level 4 in Fighting
  1632 | D:2      | HP: 1/48 [iguana (10)]
  1632 | D:2      | Slain by an iguana

Illustrated notes

Levels and vault maps discovered:
D:1:      minmay_arrival_radiant_lines, layout_basic
D:2:      layout_rooms
D:3:      layout_basic, mainiacjoe_overflow_six_doors_small,
          gammafunk_ghost_mausoleum, lexackson_kobold_supper

Skill      XL: |  1  2  3  4 |
---------------+-------------+-----
Fighting       | 3 4 |  4.1
Maces & Flails | 3 |  3.7
Throwing       | |  1.0
Dodging        | |  2.1
Spellcasting   | |  2.4
Translocations | |  2.6

Action                     |  1- 3 |  4- 6 || total
---------------------------+-------+-------++-------
  Melee: Mace              |    93 |       ||    93
         Headbutt          |    11 |     5 ||    16
         Flail             |    10 |    21 ||    31
         Punch             |     2 |       ||     2
    Use: Potion            |       |     1 ||     1
 Armour: Robe              |   104 |    24 ||   128
  Dodge: Dodged            |    80 |    14 ||    94

Table legend: (Time is in decaauts)
 A = Elapsed time spent in this place.
 B = Non-inter-level travel time spent in this place.
 C = Inter-level travel time spent in this place.
 D = Time resting spent in this place.
 E = Time spent auto-exploring this place.
 F = Levels seen in this place.
 G = Mean time per level.
                   A        B        C        D        E       F      G
               +--------+--------+--------+--------+--------+-----+--------+
         Total |   1663 |   1592 |     71 |    190 |   1089 |   3 |  554.3 |
       Dungeon |   1663 |   1592 |     71 |    190 |   1089 |   3 |  554.3 |
               +--------+--------+--------+--------+--------+-----+--------+

Top non-repeatable levels by time:
     D:1: 1003 daAuts
     D:2: 654 daAuts
     D:3: 6 daAuts
